 Dungeon Crawl Stone Soup version 0.27.1-33-g824d729ab1 (webtiles) character file.

Game seed: 648702922358442236

84 MisterFreud the Chopper (level 4, -2/39 HPs)
             Began as a Hill Orc Abyssal Knight on Dec 20, 2021.
             Was a Believer of Lugonu.
             Slain by a gnoll (3 damage)
             ... on level 1 of the Dungeon.
             The game lasted 00:02:17 (2175 turns).

MisterFreud the Chopper (Hill Orc Abyssal Knight)   Turns: 2175, Time: 00:02:17

Health: -2/39      AC:  5    Str: 15    XL:     4   Next: 45%
Magic:  5/5        EV: 10    Int: 12    God:    Lugonu [**....]
Gold:   54         SH:  0    Dex: 10    Spells: 3/3 levels left

rFire    . . .     SeeInvis .   a - +1 hand axe
rCold    . . .     Faith    .   (no shield)
rNeg     . . .     Spirit   .   f - +0 ring mail
rPois    .         Reflect  .   (no helmet)
rElec    .         Harm     .   (no cloak)
rCorr    .         Rampage  .   (no gloves)
Will     .....                  (no boots)
Stlth    ..........             (no amulet)
HPRegen  0.13/turn              (no ring)
MPRegen  0.09/turn              (no ring)

@: hasted, very quick
A: no striking features
a: Renounce Religion, Depart the Abyss, Bend Space


You were on level 1 of the Dungeon.
You worshipped Lugonu.
Lugonu was pleased with you.
You visited 1 branch of the dungeon, and saw 2 of its levels.
You visited the Abyss 1 time.

You collected 54 gold pieces.

Inventory:

Hand Weapons
 a - a +1 hand axe (weapon)
Missiles
 d - 11 poisoned darts (quivered)
Armour
 b - a +0 leather armour
 f - a +0 ring mail (worn)
Scrolls
 e - a scroll of teleportation {unknown}
Potions
 c - a potion of haste


   Skills:
 - Level 3.6 Fighting
 + Level 6.1 Axes
 - Level 2.1 Armour
 - Level 0.7 Dodging
 - Level 2.4 Invocations


You had 3 spell levels left.
You didn't know any spells.
Your spell library was empty.

Dungeon Overview and Level Annotations

Branches:
Dungeon (2/15)

Altars:

Shops:
D:1 *


Message History

The worm barely misses you.
A kobold comes into view.
It is wielding a +0 short sword and quivering poisoned darts.
The kobold shouts!
You hit the worm.
You kill the worm!
Lugonu accepts your kill.
The kobold throws a poisoned dart.
The poisoned dart hits you.
You are poisoned.
You see here a worm corpse.
You feel sick.
The gnoll shouts!
You hear a shout!
You feel sick.
The kobold throws a poisoned dart.
The poisoned dart hits you!
You are more poisoned.
You feel sick.
The kobold throws a poisoned dart.
The poisoned dart hits you!
You are more poisoned.
You feel very sick.
Unknown command.
You feel sick.
There is an open door here.
You feel very sick.
You feel sick.
The gnoll hits you from afar with a +0 halberd.
* * * LOW HITPOINT WARNING * * *
You feel sick.
You feel sick.
There is an open door here.
You feel sick.
You feel sick.
You feel sick.
You feel sick.
You are no longer poisoned.
There is a stone staircase leading up here.
The gnoll hits you with a +0 whip.
* * * LOW HITPOINT WARNING * * *
The kobold throws a poisoned dart.
The poisoned dart closely misses you.
You climb upwards.
There is a stone staircase leading down here.
It was a potion of haste.
You feel yourself speed up. The gnoll hits you with a +0 whip.
You die...

#........# #.# #.#
#.###.##.#######.## #.# #.#
#.##.#........## #.# #.#
#.##.#.###.....# #†# #.#
#.............#######†#
#.######.#.####.÷.........#
#........#.>.....>#########
################g## #@#
###.####### #.........#
#.#.#####.# # #.......#.# #
##########...###.#.######## #
#........#...#.........†..##
#
#.######.#...#.#.#.#####...##
# #.# #.......#.#.# ##.....#


You could see a gnoll.

Vanquished Creatures
  3 adders (D:2)
  A gnoll (D:2)
  A worm (D:2)
  2 dart slugs (D:1)
  4 ball pythons
  3 bats
  2 endoplasms
  2 giant cockroaches (D:1)
  A hobgoblin (D:1)
  2 jackals (D:1)
  3 kobolds (D:1)
  3 quokkas
  3 frilled lizards
  5 goblins
  7 rats
42 creatures vanquished.

Notes
Turn   | Place    | Note
-------+----------+-------------------------------------------
     0 | Abyss:1  | MisterFreud the Hill Orc Abyssal Knight began the quest for
                  | the Orb.
     0 | Abyss:1  | Reached XP level 1. HP: 19/19 MP: 2/2
    26 | D:1      | Escaped the Abyss
    90 | D:1      | Reached skill level 3 in Axes
   195 | D:1      | Reached XP level 2. HP: 13/26 MP: 3/3
   465 | D:1      | Reached skill level 4 in Axes
   636 | D:1      | Found Qinemaon's General Store.
   828 | D:1      | You fall into a shaft and drop 1 floor!
   839 | D:2      | Reached XP level 3. HP: 19/31 MP: 4/4
  1092 | D:2      | Reached skill level 5 in Axes
  1482 | D:1      | Reached XP level 4. HP: 39/39 MP: 5/5
  1956 | D:2      | Reached ** piety under Lugonu
  1957 | D:2      | Reached skill level 6 in Axes
  2171 | D:2      | HP: 1/39 [gnoll (5)]
  2175 | D:1      | Slain by a gnoll

Illustrated notes

Levels and vault maps discovered:
D:1:      scummos_arrival_simple_fountains, layout_loops_corners, serial_shops,
          shop_statue
D:2:      layout_basic, basic_altar, st_stairs_3

Skill      XL: |  1  2  3  4 |
---------------+-------------+-----
Axes           | 3 4 5 6 |  6.1
Fighting       | |  3.6
Armour         | |  2.1
Dodging        | |  0.7
Invocations    | |  2.4

Action                   |  1- 3 |  4- 6 || total
-------------------------+-------+-------++-------
Melee: Hand axe          |    98 |    38 ||   136
  Use: Potion            |       |     1 ||     1
 Stab: Sleeping          |     1 |       ||     1
Armor: Leather armour    |    18 |       ||    18
       Ring mail         |     2 |    14 ||    16
Dodge: Dodged            |    72 |    24 ||    96
